[ AOE2 MATCH · #513476921 ]
UnrankedKoreans vs Japanese
Player's team · WIN
Rival team · LOSS
[ REPLAY ANALYSIS · EXTRACTED FROM THE RECORDED GAME ]
Feudal
10:12
Castle
23:33
Imperial
37:31
| APM avg | 38.0 |
| APM peak | 73 |
| eAPM avg | 23.1 |
| Villagers / military | 120 / 300 |
Focus
⚔️ 47.8% · 🌾 52.2%
Skirmisher ×222 · Fire Lancer ×23 · Archer ×17 · Trebuchet (Packed) ×10 · Iron Pagoda ×8 · Spearman ×7
Feudal
8:44
Castle
23:31
Imperial
42:07
| APM avg | 51.6 |
| APM peak | 93 |
| eAPM avg | 28.0 |
| Villagers / military | 177 / 304 |
Focus
⚔️ 54.7% · 🌾 45.3%
Skirmisher ×150 · Samurai ×80 · Scout Cavalry ×29 · Archer ×13 · Cavalry Archer ×8 · Trebuchet (Packed) ×8
Match map
Initial resources + every placement click. Lines = walls · curves = elevation contours. ◆ gold · ⬟ stone · ● berries · ✦ relic · ◌ wall gap
Your base· ✓ Closed at 23:33 · 24t walls · no gate
Dragon Extreme's base· Open — opponent sealed themselves in
Smoothed initial terrain · ◌ = detected wall gap · hover for details
Inputs per minute
— ajja13849 - - Dragon Extreme
Build order — ajja13849
First 150 of 632 actions detected
| 0:01 | Queue | Villager (Male) ×4 |
| 0:02 | Build | House |
| 0:03 | Build | House |
| 1:25 | Queue | Villager (Male) |
| 1:25 | Queue | Villager (Male) |
| 1:26 | Queue | Villager (Male) |
| 1:47 | Build | Lumber Camp |
| 2:01 | Queue | Villager (Male) |
| 2:20 | Queue | Villager (Male) |
| 3:03 | Queue | Villager (Male) |
| 3:07 | Queue | Villager (Male) |
| 3:07 | Queue | Villager (Male) |
| 3:28 | Build | House |
| 3:42 | Queue | Villager (Male) |
| 4:03 | Queue | Villager (Male) |
| 4:06 | Build | Mill |
| 5:10 | Queue | Villager (Male) |
| 5:44 | Queue | Villager (Male) |
| 6:14 | Queue | Villager (Male) |
| 6:14 | Queue | Villager (Male) |
| 6:28 | Build | Barracks |
| 6:59 | Queue | Villager (Male) |
| 7:26 | Build | House |
| 7:34 | Research | Feudal Age |
| 7:37 | Research | Loom |
| 7:38 | Research | Feudal Age |
| 7:38 | Research | Feudal Age |
| 7:40 | Queue | Militia |
| 7:40 | Queue | Militia |
| 8:03 | Build | Mining Camp |
| 8:04 | Queue | Militia |
| 8:13 | Build | Palisade Wall |
| 8:33 | Build | Palisade Wall |
| 8:45 | Build | Palisade Wall |
| 9:05 | Queue | Militia |
| 9:19 | Queue | Villager (Male) |
| 9:51 | Queue | Villager (Male) |
| 9:58 | Build | Lumber Camp |
| 10:12 | Age | Feudal Age |
| 10:15 | Build | House |
| 10:17 | Build | House |
| 10:28 | Queue | Villager (Male) |
| 10:28 | Queue | Villager (Male) |
| 10:37 | Queue | Villager (Male) |
| 10:37 | Queue | Villager (Male) |
| 10:57 | Queue | Villager (Male) |
| 10:58 | Queue | Villager (Male) |
| 11:10 | Build | Palisade Wall |
| 11:16 | Build | Archery Range |
| 11:44 | Queue | Villager (Male) |
| 12:04 | Queue | Archer |
| 12:16 | Queue | Villager (Male) |
| 12:16 | Queue | Villager (Male) |
| 12:18 | Queue | Archer |
| 12:21 | Build | Blacksmith |
| 12:34 | Build | House |
| 12:42 | Queue | Villager (Male) |
| 12:42 | Queue | Villager (Male) |
| 12:45 | Build | Farm |
| 13:03 | Build | Lumber Camp |
| 13:09 | Queue | Archer |
| 13:18 | Build | Watch Tower |
| 13:35 | Queue | Archer |
| 13:55 | Queue | Villager (Male) |
| 14:02 | Build | Farm |
| 14:25 | Build | Mining Camp |
| 14:39 | Research | Fletching |
| 14:42 | Queue | Archer |
| 14:45 | Queue | Villager (Male) |
| 14:49 | Build | Farm |
| 15:25 | Build | Farm |
| 15:33 | Build | Market |
| 15:36 | Queue | Villager (Male) |
| 15:37 | Build | Farm |
| 15:51 | Queue | Villager (Male) |
| 16:34 | Build | Farm |
| 16:34 | Queue | Villager (Male) |
| 16:35 | Queue | Villager (Male) |
| 16:35 | Queue | Villager (Male) |
| 16:36 | Queue | Villager (Male) |
| 16:36 | Queue | Villager (Male) |
| 16:36 | Queue | Villager (Male) |
| 16:36 | Queue | Villager (Male) |
| 16:37 | Queue | Villager (Male) |
| 16:37 | Queue | Villager (Male) |
| 16:37 | Queue | Villager (Male) |
| 16:45 | Build | Farm |
| 16:52 | Queue | Archer |
| 16:52 | Queue | Archer |
| 17:02 | Build | Farm |
| 17:03 | Build | Farm |
| 17:11 | Build | Farm |
| 17:16 | Build | Farm |
| 17:21 | Build | Farm |
| 17:32 | Build | House |
| 17:32 | Build | House |
| 17:32 | Build | House |
| 17:32 | Build | House |
| 17:33 | Build | House |
| 17:33 | Build | House |
| 17:33 | Build | House |
| 17:39 | Build | House |
| 18:04 | Build | Farm |
| 18:05 | Queue | Villager (Male) |
| 18:10 | Queue | Skirmisher |
| 18:10 | Queue | Skirmisher |
| 18:17 | Build | Farm |
| 18:29 | Build | Watch Tower |
| 18:45 | Queue | Skirmisher |
| 18:45 | Queue | Skirmisher |
| 19:19 | Queue | Skirmisher |
| 19:38 | Queue | Villager (Male) |
| 19:38 | Queue | Villager (Male) |
| 19:41 | Build | Farm |
| 19:42 | Build | Farm |
| 19:43 | Build | Farm |
| 19:53 | Build | Farm |
| 19:54 | Queue | Villager (Male) |
| 20:25 | Build | Farm |
| 20:48 | Queue | Skirmisher |
| 20:53 | Research | Castle Age |
| 21:12 | Queue | Archer |
| 21:37 | Build | Archery Range |
| 21:45 | Queue | Skirmisher |
| 22:20 | Queue | Skirmisher |
| 22:20 | Queue | Skirmisher |
| 22:20 | Queue | Skirmisher |
| 22:35 | Queue | Skirmisher |
| 22:42 | Build | Farm |
| 22:45 | Build | Farm |
| 23:04 | Build | Farm |
| 23:06 | Research | Horse Collar |
| 23:08 | Research | Horse Collar |
| 23:19 | Build | House |
| 23:20 | Build | House |
| 23:20 | Build | House |
| 23:21 | Build | House |
| 23:29 | Research | Double-Bit Axe |
| 23:33 | Age | Castle Age |
| 23:44 | Research | Bodkin Arrow |
| 23:45 | Build | Farm |
| 24:13 | Queue | Villager (Male) |
| 24:13 | Queue | Villager (Male) |
| 24:35 | Build | Farm |
| 24:36 | Queue | Villager (Male) |
| 24:36 | Queue | Villager (Male) |
| 24:38 | Queue | Skirmisher |
| 24:39 | Queue | Skirmisher |
| 24:39 | Queue | Skirmisher |
| 24:39 | Queue | Skirmisher |
Build order — Dragon Extreme
First 150 of 761 actions detected
| 0:00 | Queue | Villager (Male) |
| 0:01 | Queue | Villager (Male) |
| 0:02 | Build | House |
| 0:04 | Build | House |
| 0:06 | Queue | Villager (Male) |
| 0:10 | Queue | Villager (Male) |
| 0:30 | Build | House |
| 0:35 | Build | Lumber Camp |
| 1:47 | Queue | Villager (Male) |
| 2:11 | Queue | Villager (Male) |
| 2:12 | Queue | Villager (Male) |
| 2:40 | Queue | Villager (Male) |
| 2:40 | Queue | Villager (Male) |
| 3:01 | Queue | Villager (Male) |
| 3:29 | Queue | Villager (Male) |
| 3:52 | Queue | Villager (Male) |
| 3:57 | Queue | Villager (Male) |
| 4:31 | Build | House |
| 4:32 | Build | House |
| 4:35 | Build | Palisade Wall |
| 4:42 | Queue | Villager (Male) |
| 4:42 | Queue | Villager (Male) |
| 4:51 | Queue | Villager (Male) |
| 5:02 | Queue | Villager (Male) |
| 5:18 | Build | Barracks |
| 5:33 | Queue | Villager (Male) |
| 5:44 | Queue | Villager (Male) |
| 6:03 | Research | Loom |
| 6:29 | Research | Loom |
| 6:35 | Research | Feudal Age |
| 6:35 | Research | Feudal Age |
| 6:35 | Research | Feudal Age |
| 6:46 | Queue | Militia |
| 7:03 | Queue | Militia |
| 7:03 | Queue | Militia |
| 7:03 | Queue | Militia |
| 7:08 | Build | House |
| 7:58 | Research | Loom |
| 8:10 | Build | Mining Camp |
| 8:44 | Age | Feudal Age |
| 8:46 | Queue | Villager (Male) |
| 9:08 | Queue | Villager (Male) |
| 9:11 | Build | Archery Range |
| 9:17 | Queue | Villager (Male) |
| 9:36 | Queue | Villager (Male) |
| 10:14 | Queue | Archer |
| 10:14 | Queue | Archer |
| 10:32 | Queue | Villager (Male) |
| 10:46 | Build | House |
| 11:05 | Build | House |
| 11:15 | Build | Watch Tower |
| 11:18 | Queue | Villager (Male) |
| 11:31 | Queue | Villager (Male) |
| 11:40 | Build | Mill |
| 11:47 | Queue | Villager (Male) |
| 11:50 | Queue | Archer |
| 11:50 | Queue | Archer |
| 11:51 | Queue | Archer |
| 12:13 | Build | Farm |
| 12:13 | Build | Farm |
| 12:24 | Build | Palisade Wall |
| 12:25 | Build | Palisade Wall |
| 12:40 | Queue | Archer |
| 12:40 | Queue | Archer |
| 12:42 | Queue | Villager (Male) |
| 12:50 | Build | Watch Tower |
| 12:57 | Build | Blacksmith |
| 13:14 | Queue | Archer |
| 13:16 | Queue | Villager (Male) |
| 13:21 | Build | Mining Camp |
| 13:30 | Build | Farm |
| 13:34 | Queue | Villager (Male) |
| 13:38 | Build | House |
| 13:40 | Build | House |
| 13:40 | Build | House |
| 14:02 | Queue | Villager (Male) |
| 14:07 | Queue | Archer |
| 14:31 | Queue | Villager (Male) |
| 14:32 | Queue | Archer |
| 15:00 | Queue | Villager (Male) |
| 15:15 | Queue | Villager (Male) |
| 15:17 | Build | Farm |
| 15:27 | Queue | Archer |
| 15:43 | Queue | Skirmisher |
| 15:50 | Research | Padded Archer Armor |
| 15:55 | Build | Farm |
| 16:15 | Queue | Villager (Male) |
| 16:29 | Queue | Villager (Male) |
| 16:33 | Research | Fletching |
| 16:33 | Research | Fletching |
| 16:33 | Research | Fletching |
| 16:35 | Build | House |
| 16:36 | Build | House |
| 16:36 | Build | House |
| 16:43 | Queue | Villager (Male) |
| 16:55 | Queue | Villager (Male) |
| 17:08 | Build | Watch Tower |
| 17:12 | Queue | Skirmisher |
| 17:20 | Build | Farm |
| 17:20 | Build | Farm |
| 17:21 | Build | Farm |
| 17:25 | Build | Market |
| 17:47 | Queue | Villager (Male) |
| 17:48 | Queue | Villager (Male) |
| 17:49 | Queue | Archer |
| 17:49 | Queue | Archer |
| 17:59 | Build | Farm |
| 18:02 | Queue | Villager (Male) |
| 18:15 | Build | Stone Wall |
| 18:18 | Build | Stone Wall |
| 18:20 | Build | Stone Wall |
| 18:26 | Queue | Skirmisher |
| 18:34 | Queue | Villager (Male) |
| 18:49 | Queue | Villager (Male) |
| 19:09 | Queue | Villager (Male) |
| 19:24 | Queue | Villager (Male) |
| 19:27 | Build | House |
| 19:28 | Build | House |
| 19:28 | Build | House |
| 19:39 | Build | Farm |
| 19:39 | Build | Farm |
| 19:42 | Queue | Villager (Male) |
| 19:46 | Build | Mining Camp |
| 19:53 | Queue | Skirmisher |
| 20:11 | Queue | Skirmisher |
| 20:12 | Queue | Villager (Male) |
| 20:22 | Build | Watch Tower |
| 20:51 | Research | Castle Age |
| 20:52 | Research | Castle Age |
| 21:01 | Build | Watch Tower |
| 21:04 | Queue | Skirmisher |
| 21:48 | Queue | Skirmisher |
| 22:08 | Queue | Skirmisher |
| 22:08 | Queue | Skirmisher |
| 22:47 | Queue | Skirmisher |
| 23:00 | Build | Archery Range |
| 23:07 | Queue | Villager (Male) |
| 23:21 | Research | Double-Bit Axe |
| 23:22 | Research | Gold Mining |
| 23:31 | Age | Castle Age |
| 23:40 | Research | Bodkin Arrow |
| 23:40 | Research | Bodkin Arrow |
| 23:40 | Research | Bodkin Arrow |
| 24:03 | Research | Elite Skirmisher (upgrade) |
| 24:03 | Research | Elite Skirmisher (upgrade) |
| 24:04 | Queue | Villager (Male) |
| 24:19 | Queue | Skirmisher |
| 24:22 | Queue | Villager (Male) |
| 24:22 | Queue | Villager (Male) |
| 24:36 | Queue | Skirmisher |
Match timeline
| 4:35 | Dragon Extreme · wall_segment Palisade Wall x1 |
| 5:18 | Dragon Extreme · first_building Barracks |
| 6:28 | ajja13849 · first_building Barracks |
| 8:13 | ajja13849 · wall_segment Palisade Wall x8 |
| 8:33 | ajja13849 · wall_segment Palisade Wall x16 |
| 8:44 | Dragon Extreme · age_up feudal |
| 8:45 | ajja13849 · wall_segment Palisade Wall x5 |
| 9:11 | Dragon Extreme · first_building Archery Range |
| 10:12 | ajja13849 · age_up feudal |
| 11:10 | ajja13849 · wall_segment Palisade Wall x1 |
| 11:16 | ajja13849 · first_building Archery Range |
| 12:24 | Dragon Extreme · wall_segment Palisade Wall x1 |
| 12:25 | Dragon Extreme · wall_segment Palisade Wall x1 |
| 18:15 | Dragon Extreme · wall_segment Stone Wall x1 |
| 18:18 | Dragon Extreme · wall_segment Stone Wall x1 |
| 18:20 | Dragon Extreme · wall_segment Stone Wall x1 |
| 19:48 | ajja13849 · first_market_buy 100 food |
| 20:44 | Dragon Extreme · first_market_buy 100 food |
| 23:31 | Dragon Extreme · age_up castle |
| 23:33 | ajja13849 · age_up castle |
| 24:58 | Dragon Extreme · first_building Siege Workshop |
| 26:40 | ajja13849 · first_building Siege Workshop |
| 28:38 | Dragon Extreme · first_building Castle |
| 34:07 | ajja13849 · first_building Monastery |
| 35:55 | ajja13849 · first_building Castle |
| 37:31 | ajja13849 · age_up imperial |
| 42:07 | Dragon Extreme · age_up imperial |
| 46:41 | Dragon Extreme · first_building Monastery |
| 52:55 | Dragon Extreme · first_building Stable |
| 57:00 | Dragon Extreme · first_market_sell 100 food |
| 67:13 | Dragon Extreme · resign |
[ AI ANALYSIS · 1 CREDIT ]
What really happened in this match?
Wolo.gg analyzes every decision: build order, eco, micro, common mistakes by bracket. Personalized analysis on WhatsApp or Discord in 30 seconds.
Civ guide
Koreans
Perfil
Jugador #378056